 Dungeon Crawl Stone Soup version 0.27.1-4-g1640c2035a (webtiles) character file.

Game seed: 9929132550462578179

1891 DearestLeader the Ducker (level 9, -6/69 HPs)
             Began as a Gnoll Gladiator on Nov 15, 2021.
             Mangled by a gnoll (8 damage)
             ... on level 6 of the Dungeon.
             The game lasted 00:09:40 (7525 turns).

DearestLeader the Ducker (Gnoll Gladiator)          Turns: 7525, Time: 00:09:41

Health: -6/69      AC:  8    Str: 16    XL:     9   Next: 15%
Magic:  14/14      EV: 14    Int:  7    God:
Gold:   212        SH:  0    Dex: 15    Spells: 13/15 levels left

rFire    . . .     SeeInvis .   q - +0 flail (venom)
rCold    . . .     Faith    .   (no shield)
rNeg     . . .     Spirit   .   h - +0 ring mail
rPois    .         Reflect  .   c - +1 helmet
rElec    .         Harm     .   (no cloak)
rCorr    .         Rampage  .   (no gloves)
Will     .....                  (no boots)
Stlth    ++........             y - amulet of magic regeneration
HPRegen  0.21/turn              F - ring of flight
MPRegen  0.39/turn              (no ring)

@: about to teleport, flying, slowed, studying Bows, very slow
A: fangs 1, strong nose, distributed training
a: no special abilities


You were on level 6 of the Dungeon.
You visited 1 branch of the dungeon, and saw 7 of its levels.
You also visited: Ossuary.

You collected 212 gold pieces.

Inventory:

Hand Weapons
 a - a +0 war axe
 f - a +0 hand crossbow
 q - a +0 flail of venom (weapon)
 r - a +2 whip of draining
 G - a +2 whip of electrocution
Missiles
 d - 5 throwing nets (quivered)
Armour
 b - a +0 leather armour
 c - a +1 helmet (worn)
 g - a +0 kite shield
 h - a +0 ring mail (worn)
Jewellery
 y - an amulet of magic regeneration (around neck)
 A - an amulet of faith
 F - a ring of flight (left hand)
Wands
 i - a wand of acid (9)
 x - a wand of flame (43)
 E - a wand of iceblast (7)
 H - a wand of charming (4)
Scrolls
 t - a scroll of amnesia
 u - 3 scrolls of vulnerability
 v - a scroll of fear
 w - 3 scrolls of teleportation
 C - a scroll of torment {unknown}
Potions
 e - 2 potions of curing
 j - 3 potions of flight
 k - a potion of attraction {unknown}
 l - a potion of degeneration {unknown}
 m - 3 potions of cancellation
 n - 2 potions of heal wounds
 o - a potion of lignification {unknown}
 p - a potion of mutation {unknown}
 s - a potion of resistance {unknown}
 z - a potion of magic {unknown}
 B - 4 potions of haste {unknown}
 D - a potion of invisibility {unknown}


   Skills:
 + Level 6.1 Fighting
 + Level 3.9 Short Blades
 + Level 3.9 Long Blades
 + Level 7.7 Axes
 + Level 3.9 Maces & Flails
 + Level 3.9 Polearms
 + Level 3.9 Staves
 + Level 3.9 Slings
 + Level 5.0 Bows
 + Level 3.9 Crossbows
 + Level 6.1 Throwing
 + Level 3.9 Armour
 + Level 7.7 Dodging
 + Level 3.9 Stealth
 + Level 3.9 Shields
 + Level 3.9 Unarmed Combat
 + Level 3.9 Spellcasting
 + Level 3.2 Conjurations
 + Level 3.2 Hexes
 + Level 3.2 Summonings
 + Level 3.2 Necromancy
 + Level 3.2 Translocations
 + Level 3.2 Transmutations
 + Level 3.2 Fire Magic
 + Level 3.2 Ice Magic
 + Level 3.2 Air Magic
 + Level 3.2 Earth Magic
 + Level 3.2 Poison Magic
 + Level 4.3 Invocations
 + Level 3.9 Evocations


You had 13 spell levels left.
You knew the following spells:

 Your Spells              Type           Power      Damage    Failure   Level
a - Ensorcelled Hibernat  Hex/Ice        10%        N/A       22%         2

Your spell library contained the following spells:

 Spells                   Type           Power      Damage    Failure   Level
 Corona                   Hex            5%         N/A       14%         1
 Tukima's Dance           Hex            5%         N/A       41%         3


Dungeon Overview and Level Annotations

Branches:
Dungeon (7/15)            Ossuary (visited)
 Temple: D:4-7

Altars:

Shops:
D:1 (*!*   D:3 :


Innate Abilities, Weirdness & Mutations

You have very sharp teeth.
Your uncanny sense of smell can sniff out nearby items.
Your experience applies equally to all skills.


Message History

The orc wizard barely misses you. The gnoll misses you.
The gnoll hits you but does no damage. The orc wizard closely misses you.
The gnoll hits you but does no damage.
You hit the orc wizard but do no damage.
The orc wizard is poisoned.
You feel sick.
A kobold opens the large door.
The gnoll closely misses you.
The orc wizard hits you with a +0 dagger.
The gnoll misses you. The gnoll closely misses you.
The orc wizard closely misses you.
A hobgoblin comes into view.
You feel sick. The gnoll closely misses you. The gnoll hits you with a +0 club.
The hobgoblin moves out of view.
You feel sick.
The orc wizard hits you with a +0 dagger.
You are too injured to fight recklessly!
You barely miss the gnoll.
You feel sick.
You are no longer poisoned.
The gnoll hits you with a +0 club. The orc wizard closely misses you.
The gnoll hits you but does no damage. The orc wizard closely misses you.
You closely miss the gnoll.
The gnoll hits you from afar with a +0 spear.
The gnoll hits you with a +0 club.
The orc wizard hits you with a +0 dagger.
* * * LOW HITPOINT WARNING * * *
The gnoll hits you but does no damage. The gnoll misses you.
Unknown command.
The orc wizard casts a spell at you. The magic dart hits you!
* * * LOW HITPOINT WARNING * * *
The gnoll closely misses you. The orc wizard barely misses you.
The gnoll barely misses you.
There is an open gate here.
The gnoll hits you from afar with a +0 spear.
* * * LOW HITPOINT WARNING * * *
As you read the scroll of teleportation, it crumbles to dust.
You feel strangely unstable. The gnoll hits you with a +0 club!
* * * LOW HITPOINT WARNING * * *
The orc wizard hits you but does no damage.
The gnoll hits you from afar with a +0 spear!
You die...

#..#.K.K#PPPP.............
#..#..o∆#♣P♣....##########
#.[#.. ∆ ♣♣PP.#.# #K.#.
♣P♣..#.# ## #KK#
#♣PP).#.## #.
#.)######........# #.
#.)#...g)........# #.
#.)#.K>Ko........# #.
#..'..KKg@.......# ##
#''######♣.....### #g ∆
PPP..## # ∆ ∆∆ PP♣...# ∆


PPPP.## P♣ ..# .# .# You could see a kobold brigand, an orc wizard (poisoned), 2
gnolls and 3 kobolds.

Vanquished Creatures
  2 black bears (D:6)
  2 sky beasts
  A necrophage (D:6)
  2 ogres (D:6)
  2 centaurs (D:6)
  2 phantoms (D:4)
  A water moccasin zombie (D:5)
  2 howler monkeys
  A human zombie (Ossuary)
  A hound (D:6)
  6 orc priests
  2 bullfrog skeletons (D:5)
  4 iguanas
  2 orc wizards (D:6)
  3 hound zombies (Ossuary)
  A hound skeleton (D:5)
  5 mummies
  10 gnolls
  A howler monkey skeleton (D:6)
  5 adders
  3 adder zombies (Ossuary)
  2 worms
  2 dart slugs
  12 orcs
  6 ball pythons
  3 bats
  8 endoplasms
  A gnoll zombie (Ossuary)
  A goblin (D:1)
  7 hobgoblins
  A jackal (D:1)
  4 quokkas
  A frilled lizard (D:3)
  A goblin zombie (Ossuary)
  A hobgoblin zombie (Ossuary)
  A jackal zombie (Ossuary)
  12 kobolds
  A kobold zombie (D:4)
  An orc zombie (D:4)
  8 rats
  A rat zombie (Ossuary)
132 creatures vanquished.

Notes
Turn   | Place    | Note
-------+----------+-------------------------------------------
     0 | D:1      | DearestLeader the Gnoll Gladiator began the quest for the
                  | Orb.
     0 | D:1      | Reached XP level 1. HP: 20/20 MP: 1/1
    82 | D:1      | Found Ridghaipt's Distillery.
   131 | D:1      | Reached XP level 2. HP: 20/26 MP: 2/2
   276 | D:1      | Found Gouph's Antique Weapon Shoppe.
   387 | D:1      | Found Sajarchi's General Store.
   563 | D:1      | Found Mexoidi's Assorted Antiques.
   592 | D:1      | Reached XP level 3. HP: 31/31 MP: 3/3
  1053 | D:2      | Reached skill level 1 in Invocations
  1054 | D:2      | Reached skill level 1 in Short Blades
  1054 | D:2      | Reached skill level 1 in Long Blades
  1054 | D:2      | Reached skill level 1 in Maces & Flails
  1054 | D:2      | Reached skill level 1 in Polearms
  1054 | D:2      | Reached skill level 1 in Staves
  1054 | D:2      | Reached skill level 1 in Slings
  1054 | D:2      | Reached skill level 1 in Bows
  1054 | D:2      | Reached skill level 1 in Crossbows
  1054 | D:2      | Reached skill level 1 in Armour
  1054 | D:2      | Reached skill level 1 in Stealth
  1054 | D:2      | Reached skill level 1 in Shields
  1054 | D:2      | Reached skill level 1 in Unarmed Combat
  1054 | D:2      | Reached skill level 1 in Spellcasting
  1054 | D:2      | Reached skill level 1 in Evocations
  1064 | D:2      | Reached XP level 4. HP: 22/38 MP: 5/5
  1641 | D:3      | Found Tody's Book Emporium.
  1668 | D:3      | Reached skill level 1 in Conjurations
  1668 | D:3      | Reached skill level 1 in Hexes
  1668 | D:3      | Reached skill level 1 in Summonings
  1668 | D:3      | Reached skill level 1 in Necromancy
  1668 | D:3      | Reached skill level 1 in Translocations
  1668 | D:3      | Reached skill level 1 in Transmutations
  1668 | D:3      | Reached skill level 1 in Fire Magic
  1668 | D:3      | Reached skill level 1 in Ice Magic
  1668 | D:3      | Reached skill level 1 in Air Magic
  1668 | D:3      | Reached skill level 1 in Earth Magic
  1668 | D:3      | Reached skill level 1 in Poison Magic
  2348 | D:3      | Reached XP level 5. HP: 26/43 MP: 6/6
  2763 | D:3      | Found a faded altar of an unknown god.
  2969 | D:4      | Found a sand-covered staircase.
  2977 | Ossuary  | Entered an ossuary
  3000 | Ossuary  | Reached XP level 6. HP: 22/50 MP: 8/8
  3430 | Ossuary  | Reached skill level 5 in Fighting
  3430 | Ossuary  | Reached skill level 5 in Throwing
  4018 | D:4      | You fall into a shaft and drop 3 floors!
  4025 | D:7      | Reached XP level 7. HP: 44/56 MP: 10/10
  4054 | D:5      | Entered Level 5 of the Dungeon
  5205 | D:5      | Reached XP level 8. HP: 58/63 MP: 12/12
  5378 | D:5      | HP: 3/63 [orc priest/nerve-wracking pain (6)]
  6591 | D:6      | Learned a level 2 spell: Ensorcelled Hibernation
  7269 | D:6      | Reached XP level 9. HP: 63/69 MP: 14/14
  7482 | D:6      | Reached skill level 5 in Bows
  7525 | D:6      | HP: 2/69 [gnoll (7)]
  7525 | D:6      | Mangled by a gnoll

Illustrated notes

Levels and vault maps discovered:
D:1:      kennysheep_arrival_seaside, layout_rooms, serial_shops, shop, shop,
          shop, nicolae_shop_statue_plus, minmay_split_cup_small
D:2:      layout_basic
D:3:      layout_basic, ebering_ecumenical_altar_sacrificial, serial_shops,
          shop_statue
D:4:      layout_cave_pods, nicolae_ossuary_entry_giza
D:5:      layout_cave_pools, minmay_manual_mess
D:6:      kennysheep_housing_project, layout_basic
D:7:      layout_rooms, minmay_temple_entry_statues, uniq_joseph, uniq_duvessa

Skill      XL: |  1  2  3  4  5  6  7  8  9 |
---------------+----------------------------+-----
Invocations    | 1 2 3 4 |  4.3
Short Blades   | 1 2 3 |  3.9
Long Blades    | 1 2 3 |  3.9
Maces & Flails | 1 2 3 |  3.9
Polearms       | 1 2 3 |  3.9
Staves         | 1 2 3 |  3.9
Slings         | 1 2 3 |  3.9
Bows           | 1 2 3 4 5 |  5.0
Crossbows      | 1 2 3 |  3.9
Armour         | 1 2 3 |  3.9
Stealth        | 1 2 3 |  3.9
Shields        | 1 2 3 |  3.9
Unarmed Combat | 1 2 3 |  3.9
Spellcasting   | 1 2 3 |  3.9
Evocations     | 1 2 3 |  3.9
Conjurations   | 1 2 3 |  3.2
Hexes          | 1 2 3 |  3.2
Summonings     | 1 2 3 |  3.2
Necromancy     | 1 2 3 |  3.2
Translocations | 1 2 3 |  3.2
Transmutations | 1 2 3 |  3.2
Fire Magic     | 1 2 3 |  3.2
Ice Magic      | 1 2 3 |  3.2
Air Magic      | 1 2 3 |  3.2
Earth Magic    | 1 2 3 |  3.2
Poison Magic   | 1 2 3 |  3.2
Fighting       | 5 6 |  6.1
Throwing       | 5 6 |  6.1
Axes           | 7 |  7.7
Dodging        | 7 |  7.7

Action                   |  1- 3 |  4- 6 |  7- 9 || total
-------------------------+-------+-------+-------++-------
Melee: War axe           |    73 |   124 |    11 ||   208
       Bite              |     5 |    13 |    17 ||    35
       Flail             |       |    32 |   195 ||   227
       Whip              |       |     2 |       ||     2
       Punch             |       |     1 |     8 ||     9
 Cast: Ensorcelled Hiber |       |       |     2 ||     2
Evoke: Wand              |       |       |     1 ||     1
  Use: Scroll            |       |     5 |     4 ||     9
       Potion            |       |       |     4 ||     4
 Stab: Sleeping          |     1 |     1 |       ||     2
       Distracted        |       |       |     1 ||     1
Armor: Leather armour    |    20 |       |       ||    20
       Ring mail         |     7 |    60 |   112 ||   179
Dodge: Dodged            |    60 |   126 |   228 ||   414
